 Dungeon Crawl Stone Soup version 0.31-a0-1082-g7d1fb776a8 (webtiles) character file.

Game seed: 18257652778402963936

224 BritishOli the Trooper (level 5, 0/42 HPs)
             Began as a Demonspawn Fighter on Nov 27, 2023.
             Slain by an adder (3 damage)
             ... on level 4 of the Dungeon.
             The game lasted 00:02:47 (2588 turns).

BritishOli the Trooper (Demonspawn Fighter)         Turns: 2588, Time: 00:02:48

Health: 0/42       AC:  3    Str: 18    XL:     5   Next: 67%
Magic:  5/5        EV: 11    Int:  9    God:
Gold:   118        SH:  0    Dex: 13    Spells: 4/4 levels left

rFire   . . .        a - +0 war axe
rCold   . . .        (no shield)
rNeg    . . .        (no body armour)
rPois   .            (no helmet)
rElec   .            (no cloak)
rCorr   .            (no gloves)
SInv    .            (no boots)
Will    .....        (no amulet)
Stlth   +            (no ring)
HPRegen 0.27/turn    (no ring)
MPRegen 0.09/turn

%: no passive effects
@: lethally poisoned (0 -> -5)
A: yellow scales 2, demonic magic 1, weakness stinger 1
a: no special abilities


You were on level 4 of the Dungeon.
You visited 1 branch of the dungeon, and saw 4 of its levels.

You collected 118 gold pieces.

Inventory:

Hand Weapons
 a - a +0 war axe (weapon)
Missiles
 f - 3 boomerangs (quivered)
Armour
 b - a +0 scale mail
 o - a +2 buckler
 r - the +0 helmet of Pride {+Blink +Inv Regen+ rCorr}
   (You found it on level 2 of the Dungeon)

   +Inv:      It lets you turn invisible.
   +Blink:    It lets you blink.
   Regen+:    It increases your rate of health regeneration.
   rCorr:     It protects you from acid and corrosion.
Jewellery
 s - a +5 ring of evasion
Wands
 t - a wand of mindburst (11)
 v - a wand of polymorph (7)
Scrolls
 e - a scroll of summoning {unknown}
 g - a scroll of silence {unknown}
 i - a scroll of immolation {unknown}
 j - 3 scrolls of identify {unknown}
 m - a scroll of noise {unknown}
 n - a scroll of revelation {unknown}
 p - a scroll of teleportation {unknown}
 w - 3 scrolls of vulnerability {unknown}
Potions
 c - a potion of berserk rage {unknown}
 d - a potion of might
 h - 2 potions of cancellation {unknown}
 k - a potion of mutation {unknown}
 l - 2 potions of lignification {unknown}
 q - 4 potions of curing {unknown}
 u - a potion of brilliance {unknown}
 x - a potion of haste {unknown}


   Skills:
 + Level 4.1 Fighting
 + Level 3.1 Axes
 + Level 3.7 Armour
 + Level 3.7 Shields


You had 4 spell levels left.
You didn't know any spells.
Your spell library was empty.

Dungeon Overview and Level Annotations

Branches:
Dungeon (4/15)
 Temple: D:4-7

Altars:
Qazlal

Shops:
D:4 (


Innate Abilities, Weirdness & Mutations

You are mostly covered in yellow scales. (AC +3)
Spells you cast may paralyse adjacent enemies.
You have a small tail.


Message History

You continue taking off your +2 buckler.
You feel sick. The adder bites you but does no damage.
You finish taking off your +2 buckler.
You feel sick. The adder bites you but does no damage. The adder bites you.
You start removing your armour.
You continue taking off the +0 helmet of Pride {+Blink +Inv Regen+ rCorr}.
You feel sick. The adder closely misses you.
You continue taking off the +0 helmet of Pride {+Blink +Inv Regen+ rCorr}.
You feel sick. The adder misses you.
You continue taking off the +0 helmet of Pride {+Blink +Inv Regen+ rCorr}.
You feel sick. The adder bites you.
You are more poisoned.
The adder poisons you! The adder closely misses you.
You continue taking off the +0 helmet of Pride {+Blink +Inv Regen+ rCorr}.
You feel sick. The adder bites you.
You finish taking off the +0 helmet of Pride {+Blink +Inv Regen+ rCorr}.
You feel sick. The adder barely misses you.
You feel sick. The adder completely misses you.
You feel sick. The adder barely misses you. x2
You feel sick. The adder bites you.
You feel sick.
You are no longer poisoned.
The adder bites you.
You are poisoned.
The adder poisons you!
You feel sick. The adder closely misses you. The adder bites you.
You are more poisoned.
The adder poisons you!
You feel sick. The adder bites you.
* * * LOW HITPOINT WARNING * * *
You are more poisoned.
The adder poisons you!
* * * LOW HITPOINT WARNING * * *
You feel sick. The adder bites you.
* * * LOW HITPOINT WARNING * * *
* * * LOW HITPOINT WARNING * * *
You feel sick. The adder bites you.
* * * LOW HITPOINT WARNING * * *
The adder bites you.
You die...

. .......#.... ##....
..##....._.
#....####....#....
#....#..#.....#...
##......<.......#.#
##.#(..##...#...)...
#..###..#...........
#.#$$..#..##...[##..
#.$@............####
#...S.......##...##
##....#####.#.....##
##......#.........#
#..#..#.......∩....
#...#.###....)......
#............#.†...#.
#...#..##...###...##.
.....#.##...#


You could see an adder.

Vanquished Creatures
  A sky beast (D:4)
  3 adders
  3 worms
  5 dart slugs
  3 orcs (D:3)
  5 ball pythons
  7 bats
  13 endoplasms
  6 giant cockroaches
  4 goblins
  7 hobgoblins
  3 quokkas
  2 frilled lizards
  10 kobolds
72 creatures vanquished.

Notes
Turn   | Place    | Note
-------+----------+-------------------------------------------
     0 | D:1      | BritishOli the Demonspawn Fighter began the quest for the
                  | Orb.
     0 | D:1      | Reached XP level 1. HP: 18/18 MP: 1/1
   133 | D:1      | Gained mutation: You are partially covered in yellow
                  | scales. (AC +2) [demonic ancestry]
   133 | D:1      | Reached XP level 2. HP: 16/24 MP: 2/2
   608 | D:1      | Gained mutation: You have a small tail. [demonic ancestry]
   608 | D:1      | Reached XP level 3. HP: 29/29 MP: 3/3
   983 | D:2      | Identified the +0 helmet of Pride {+Blink +Inv Regen+
                  | rCorr}
  1608 | D:3      | Gained mutation: You are mostly covered in yellow scales.
                  | (AC +3) [demonic ancestry]
  1608 | D:3      | Reached XP level 4. HP: 34/35 MP: 4/4
  2397 | D:4      | Found Wugog's Weapon Boutique.
  2418 | D:4      | Found a stormy altar of Qazlal.
  2418 | D:4      | Noticed a sky beast
  2435 | D:4      | Killed a sky beast
  2436 | D:4      | Reached skill level 4 in Fighting
  2436 | D:4      | Gained mutation: Spells you cast may paralyse adjacent
                  | enemies. [demonic ancestry]
  2436 | D:4      | Reached XP level 5. HP: 31/42 MP: 5/5
  2588 | D:4      | Slain by an adder

Illustrated notes

Levels and vault maps discovered:
D:1:      minmay_arrival_shattered_statue, layout_basic
D:2:      layout_basic
D:3:      layout_basic, interstate_on_off
D:4:      layout_cave_pools, nicolae_qazlal_beasts_of_the_sky,
          mainiacjoe_overflow_catch_the_wave, serial_shops,
          nicolae_shop_bloodbath_and_beyond

Skill      XL: |  1  2  3  4 |
---------------+-------------+-----
Axes           | 2 3 |  3.1
Shields        | 3 |  3.7
Armour         | 3 |  3.7
Fighting       | 4 |  4.1

Action                     |  1- 3 |  4- 6 || total
---------------------------+-------+-------++-------
  Melee: War axe           |   126 |    81 ||   207
         Tailslap          |     8 |     6 ||    14
 Armour: Scale mail        |   104 |    60 ||   164
         Skin              |       |    58 ||    58
  Dodge: Dodged            |    56 |    93 ||   149
  Block: Buckler           |    25 |    69 ||    94

Table legend: (Time is in decaauts)
 A = Elapsed time spent in this place.
 B = Non-inter-level travel time spent in this place.
 C = Inter-level travel time spent in this place.
 D = Time resting spent in this place.
 E = Time spent auto-exploring this place.
 F = Levels seen in this place.
 G = Mean time per level.
                   A        B        C        D        E       F      G
               +--------+--------+--------+--------+--------+-----+--------+
         Total |   2673 |   2569 |    104 |      0 |   1894 |   4 |  668.2 |
       Dungeon |   2673 |   2569 |    104 |      0 |   1894 |   4 |  668.2 |
               +--------+--------+--------+--------+--------+-----+--------+

Top non-repeatable levels by time:
     D:3: 898 daAuts
     D:1: 882 daAuts
     D:2: 677 daAuts
     D:4: 214 daAuts
